Selects Australian Defense Battlegroup
Selects Australian Light Infantry Section
Australian Light Infantry Section
Australian Light Infantry Section
Australian Light Infantry Section
Selects 2-pounder Anti-tank Gun Team
2-pounder Anti-tank Gun Team
Construct Section Command Post
Construct Field Infirmary
2-pounder Anti-tank Gun Team
Selects Vehicle Over Repair
Construct Platoon Command Post
6-pounder Anti-tank Gun Team
Australian Light Infantry Section
Construct Company Command Post
Selects CMP 15cwt Supply Run
Selects Reinforced Resource Caches
6-pounder Anti-tank Gun Team